Map: At Eternity's Edge LE

Players

dubidubab - Winner!

  • Race: Terran Terran
  • Spawn Location: 5:00

RipNHammer

  • Race: Terran Terran
  • League: Master
  • Spawn Location: 11:00

VOD

Have the link to the VOD?

Description

Time

  • Played on: Sept. 6, 2026, 8:16 p.m.
  • Length: 13:37
Show
View Real Time Build Order
Export as new Build Order

dubidubab Terran - Winner!

Build Orders:  

Get SALT Encoding   

  8  0:00  SCV  
  9  0:12  SCV  
  10  0:24  SCV  
  11  0:36  SCV  
  11  0:39  Supply Depot  
  12  0:48  SCV  
  13  1:01  SCV  
  13  1:02  Barracks  
  14  1:05  Refinery  
  14  1:13  SCV  
  14  1:17  Refinery  
  15  1:25  SCV  
  16  1:37  SCV  
  17  1:49  Reaper, Orbital Command  
  18  2:06  Factory  
  18  2:15  Supply Depot  
  18  2:17  SCV  
  19  2:23  Barracks Reactor  
  19  2:29  SCV  
  20  2:41  SCV  
  21  2:46  Command Center  
  23  2:51  Hellion  
  23  2:54  SCV  
  23  3:01  Reaper x2  
  25  3:06  SCV  
  25  3:10  Supply Depot  
  26  3:14  Hellion  
  26  3:19  SCV  
  28  3:38  Factory Tech Lab  
  28  3:39  Marine x2  
  30  3:44  SCV  
  30  3:45  Starport  
  31  3:56  SCV  
  31  3:57  Cyclone  
  31  3:58  Marine x2  
  37  4:22  Marine x2, SCV  
  42  4:30  Starport Tech Lab  
  43  4:31  Siege Tank  
  43  4:34  SCV  
  43  4:42  Marine x2  
  43  4:43  Orbital Command  
  45  4:46  SCV  
  45  4:47  Refinery  
  45  4:52  Raven  
  48  4:58  SCV  
  49  5:01  Supply Depot  
  41  5:18  SCV  
  41  5:19  SCV  
  41  5:21  Marine x2, Siege Tank  
  41  5:22  Interference Matrix  
  41  5:28  Supply Depot  
  46  5:30  SCV  
  46  5:31  SCV  
  48  5:38  Raven  
  48  5:39  Marine x2  
  52  5:46  SCV x2  
  54  5:51  Supply Depot  
  54  6:00  SCV x2  
  54  6:01  Barracks x2, Marine  
  57  6:04  Marine  
  57  6:09  Siege Tank  
  61  6:15  Raven  
  61  6:16  SCV  
  61  6:17  SCV  
  65  6:26  Engineering Bay  
  65  6:28  Supply Depot, SCV  
  65  6:29  SCV  
  67  6:34  Marine x2  
  69  6:40  Supply Depot, SCV  
  69  6:41  SCV  
  69  6:45  Siege Tank  
  74  6:53  SCV x2, Supply Depot  
  76  6:55  Terran Infantry Weapons Level 1  
  76  6:56  Refinery  
  76  7:00  Barracks Tech Lab  
  76  7:04  Starport Reactor  
  76  7:05  SCV x2  
  76  7:06  Stimpack  
  76  7:07  Marine  
  76  7:08  Marine x2  
  81  7:19  Combat Shield  
  81  7:21  SCV  
  81  7:22  SCV  
  83  7:25  Supply Depot x2  
  83  7:33  SCV  
  83  7:34  SCV  
  83  7:35  Marine x4  
  89  7:39  Siege Tank  
  92  7:45  SCV  
  92  7:46  SCV  
  92  7:47  Medivac x2  
  92  7:50  Supply Depot  
  98  7:56  Marine x2  
  98  7:57  Marine x2  
  102  8:07  Command Center  
  102  8:12  SCV x2  
  104  8:13  Supply Depot  
  104  8:14  Marine x3  
  104  8:15  Marine  
  104  8:17  Siege Tank  
  106  8:44  Marine x4  
  106  8:45  Medivac x2  
  113  8:49  Terran Infantry Armor Level 1, Siege Tank  
  113  8:52  Barracks x2  
  116  8:58  SCV x2  
  116  9:01  Supply Depot  
  117  9:10  SCV x2  
  102  9:28  Marine x2  
  102  9:29  Medivac x2, Siege Tank  
  108  9:47  Barracks Reactor x2  
  104  9:56  Marine x3, Marauder  
  104  9:59  SCV x2  
  104  10:01  Orbital Command  
  104  10:09  Command Center, Missile Turret  
  104  10:10  Barracks x3  
  104  10:11  Missile Turret, SCV x2  
  104  10:13  Marine  
  104  10:14  Marine  
  108  10:19  Missile Turret  
  106  10:23  SCV  
  106  10:24  SCV  
  96  10:35  SCV  
  96  10:36  SCV, Marine  
  96  10:37  Marine x5, Marauder x2  
  104  10:44  Concussive Shells  
  104  10:47  SCV  
  104  10:48  SCV  
  103  10:50  SCV  
  104  10:59  Missile Turret x2  
  104  11:00  SCV x2  
  104  11:02  Refinery, SCV  
  105  11:12  SCV  
  101  11:19  Marine x2  
  101  11:20  Marine x4, Marauder, Siege Tank, Medivac x2  
  101  11:22  Marine  
  117  11:37  Marine  
  117  11:40  Marauder  
  117  11:41  Marine x2, Marauder  
  117  11:42  Marine x6  
  129  11:50  Medivac x2  
  129  11:52  Siege Tank  
  136  12:01  Marauder  
  136  12:03  Marauder  
  140  12:08  Supply Depot  
  140  12:10  SCV x3  
  140  12:11  Armory  
  140  12:12  Armory  
  143  12:21  Marine x6  
  143  12:22  SCV  
  152  12:23  Marauder  
  152  12:24  Marauder, Command Center  
  153  12:39  Marine  
  154  12:46  Siege Tank, Medivac x2  
  161  12:58  Marine x2  
  144  13:17  Marine x3  
  144  13:18  Marine x3  
  144  13:19  Marine  
Show
View Real Time Build Order
Export as new Build Order

RipNHammer Terran 

Build Orders: Mech 

Get SALT Encoding   

  8  0:00  SCV  
  9  0:12  SCV  
  10  0:24  SCV  
  11  0:36  SCV  
  11  0:39  Supply Depot  
  12  0:49  SCV  
  13  1:01  SCV  
  13  1:02  Barracks  
  14  1:07  Refinery  
  14  1:13  SCV  
  14  1:17  Refinery  
  15  1:25  SCV  
  16  1:37  SCV  
  17  1:50  Reaper, Orbital Command  
  18  2:10  Factory  
  18  2:18  SCV  
  19  2:24  Reaper, Supply Depot  
  20  2:32  SCV  
  21  2:47  Command Center  
  21  2:49  SCV  
  22  3:01  Barracks Reactor, Hellion  
  24  3:12  SCV  
  25  3:14  Supply Depot  
  25  3:24  SCV  
  26  3:33  Factory Tech Lab  
  25  3:36  SCV  
  25  3:39  Marine x2, Starport  
  29  3:48  SCV  
  29  3:51  Cyclone  
  32  3:59  Orbital Command  
  32  4:00  SCV  
  32  4:01  Marine  
  33  4:13  Marine  
  33  4:14  SCV  
  35  4:18  Starport Tech Lab  
  35  4:19  Marine  
  35  4:24  Siege Tank  
  39  4:27  SCV x2  
  41  4:32  Refinery  
  41  4:40  Raven  
  41  4:41  Interference Matrix  
  41  4:42  SCV x2  
  45  4:47  Refinery  
  45  4:54  SCV  
  45  4:57  Supply Depot  
  38  5:20  Siege Tank  
  38  5:23  SCV  
  38  5:24  SCV  
  40  5:28  Marine x2  
  40  5:35  Raven, SCV  
  44  5:36  Command Center  
  44  5:41  SCV  
  46  5:48  SCV  
  46  5:49  Marine  
  47  5:52  Factory  
  47  5:55  Siege Tank  
  51  6:08  SCV x2  
  53  6:15  Mag-Field Accelerator  
  53  6:20  SCV x2  
  53  6:21  Factory  
  53  6:24  Viking  
  57  6:27  Supply Depot  
  57  6:29  Supply Depot  
  57  6:32  SCV  
  58  6:39  Viking, SCV, Cyclone  
  64  6:44  SCV  
  65  6:48  Cyclone  
  65  6:50  Orbital Command  
  65  6:51  SCV  
  69  6:56  SCV  
  69  6:57  Viking  
  72  7:03  SCV  
  73  7:09  Viking  
  73  7:15  Cyclone, Factory Tech Lab  
  77  7:16  SCV  
  77  7:18  SCV  
  77  7:21  Cyclone  
  82  7:31  Orbital Command  
  82  7:32  Viking, SCV  
  84  7:37  SCV  
  84  7:41  Siege Tank  
  88  7:44  SCV  
  88  7:49  SCV  
  88  7:50  Cyclone  
  93  7:51  Viking  
  93  7:53  Refinery  
  95  7:59  Refinery  
  95  8:04  Supply Depot x2  
  95  8:05  Supply Depot  
  94  8:09  Cyclone  
  94  8:10  Infernal Pre-Igniter  
  94  8:11  SCV x2  
  99  8:17  Siege Tank  
  102  8:25  SCV x2  
  102  8:26  Hellion  
  106  8:31  Supply Depot  
  106  8:32  Factory, Engineering Bay  
  106  8:40  Viking  
  106  8:41  Viking  
  110  8:43  SCV x3  
  110  8:47  Siege Tank  
  116  8:51  Supply Depot  
  116  8:55  SCV x3, Siege Tank  
  119  8:59  Supply Depot  
  122  9:07  Siege Tank, SCV  
  123  9:23  SCV x2  
  117  9:33  Missile Turret  
  117  9:35  SCV x2  
  117  9:38  Cyclone, Siege Tank, Hellion  
  121  9:39  Viking x2  
  119  9:53  SCV x2  
  119  9:54  Missile Turret  
  121  10:02  Cyclone  
  121  10:05  Missile Turret, SCV  
  127  10:10  Siege Tank, Hellion  
  127  10:12  Factory Reactor  
  130  10:14  SCV, Missile Turret  
  130  10:15  Refinery  
  130  10:17  SCV  
  130  10:19  Refinery  
  129  10:31  Cyclone  
  129  10:34  Siege Tank  
  129  10:37  Missile Turret  
  129  10:42  Cyclone  
  132  10:48  SCV x2  
  128  10:53  Orbital Command  
  128  10:55  Hellion x2  
  129  10:57  Armory  
  129  10:58  Armory  
  129  11:00  SCV  
  132  11:04  Hellion  
  132  11:06  Cyclone  
  135  11:14  Cyclone  
  135  11:16  Hellion  
  137  11:20  Hellion  
  137  11:23  Refinery  
  137  11:24  Refinery  
  137  11:25  Cyclone  
  142  11:38  Siege Tank  
  138  11:44  SCV x2  
  140  12:05  Cyclone, Siege Tank, Hellion  
  140  12:06  SCV x2  
  150  12:38  SCV  
  150  12:39  Command Center  
  150  12:40  Supply Depot  
  150  12:41  Supply Depot  
  150  12:42  Supply Depot  
  151  12:50  Supply Depot  
  151  12:51  Supply Depot  
  151  12:53  Hellion  
  151  12:54  Cyclone, Siege Tank  
  151  13:00  Hellion  
  130  13:15  Hellion  
  130  13:16  Factory  
Tags
 
Composition
Mech
League
Master
Matchup
TvT
Race
Terran
Replay Pack
RipNHammer
Spawn Locations
Cross Positions
Add a new tag
Caveats
  • Supply blocks, unpowered buildings, or Contaminate may cause inaccurate times.
  • Supply counts are checked every 10 seconds.